Workbook

Sheet Planilha de Medição
A1: POLÍCIA CIVIL DO ESTADO DO ESPÍRITO SANTO – Superintendência de Apoio Logístico e Engenharia – Divisão de Engenharia e Manutenção Predial
A2: PLANILHA DE MEDIÇÃO – Construção da NOVA SEDE DA DP IBIRAÇU-ES (Avenida Getúlio Vargas)
A3: Contratante: Polícia Civil do Estado do Espírito Santo | Contratado: PRIVATE CONSTRUTORA LTDA – CNPJ 10.616.350/0001-30
A4: E-Docs 2021-2GZ1S | Concorrência nº 002/2023 | Contrato PCES nº 179/2023 | Ordem de serviço: 16/04/2024 | Prazo de execução: 30 meses | Término: 16/10/2026
A5: Medição: executado até 31/05/2026. Valores transcritos do documento original. Linhas em cinza estavam em cinza no original.
D7: CONTRATO ORIGINAL | G7: 2º ADITIVO (APÓS REPLANILHAMENTO) | I7: EXECUTADO ATÉ 31/05/2026 | L7: À EXECUTAR
A8: Código | B8: Descrição | C8: Unid. | D8: Quant. | E8: Preço unitário (R$) | F8: Preço total (R$) | G8: Quant. após replan. | H8: Valor após replan. (R$) | I8: Quant. | J8: Total (R$) | K8: % | L8: Quant. | M8: Total (R$) | N8: %
A9: 01 | B9: SERVIÇOS PRELIMINARES | F9: 31513.73 | H9: 37572.09 | J9: 37572.09 | K9: 1 | M9: 0 | N9: 0
A10: 0101 | B10: DEMOLIÇÕES E RETIRADAS | F10: 21305.76 | H10: 27076.85 | J10: 27076.85 | M10: 0
A11: 010101 | B11: Demolição de edificação existente inclusive carga, manobra e descarga do material proveniente da demolição da edificação (hora de máquina - pá carregadeira) | C11: h | D11: 88 | E11: 240.46 | F11: 21160.66 | G11: 112 | H11: 26931.74 | I11: 112 | J11: 26931.74 | K11: 1 | L11: 0 | M11: 0
A12: 010102 | B12: Retirada de aparelhos sanitários | C12: und | D12: 5 | E12: 21.75 | F12: 108.77 | G12: 5 | H12: 108.77 | I12: 5 | J12: 108.77 | K12: 1 | L12: 0 | M12: 0
A13: 010103 | B13: Retirada de vidros quebrados | C13: m2 | D13: 9.8 | E13: 3.71 | F13: 36.34 | G13: 9.8 | H13: 36.34 | I13: 9.8 | J13: 36.34 | K13: 1 | L13: 0 | M13: 0
A14: 0102 | B14: LIMPEZA DO TERRENO | F14: 1465.78 | H14: 1465.78 | J14: 1465.78 | M14: 0
A15: 010201 | B15: Limpeza manual de vegetação em terreno com enxada | C15: m2 | D15: 469.35 | E15: 3.12 | F15: 1465.78 | G15: 469.35 | H15: 1465.78 | I15: 469.35 | J15: 1465.78 | K15: 1 | L15: 0 | M15: 0
A16: 0103 | B16: LOCAÇÃO | F16: 8742.19 | H16: 9029.47 | J16: 9029.47 | M16: 0
A17: 010301 | B17: Locação de obra com gabarito de madeira | C17: m2 | D17: 313.27 | E17: 12.83 | F17: 4017.69 | G17: 335.67 | H17: 4304.97 | I17: 335.67 | J17: 4304.97 | K17: 1 | L17: 0 | M17: 0
A18: 010302 | B18: Equipe topográfica para serviços simples de locação e nivelamento (incluindo equipamento, transporte e profissionais nivel médio) | C18: mês | D18: 0.2 | E18: 23622.5 | F18: 4724.5 | G18: 0.2 | H18: 4724.5 | I18: 0.2 | J18: 4724.5 | K18: 1 | L18: 0 | M18: 0
A19: 02 | B19: INSTALAÇÃO DO CANTEIRO DE OBRAS | F19: 220296.98 | H19: 232412.24 | J19: 127644.04 | K19: 0.5492 | M19: 104768.2 | N19: 0.4508
A20: 0201 | B20: TAPUMES, BARRACÕES E COBERTURAS | F20: 220296.98 | H20: 232412.24 | J20: 127644.04 | K20: 0.5492 | M20: 104768.2 | N20: 0.4508
A21: 020101 | B21: Placa de obra nas dimensões de 2.0 x 4.0 m, padrão DER | C21: m2 | D21: 8 | E21: 283.14 | F21: 2265.12 | G21: 8 | H21: 2265.12 | I21: 8 | J21: 2265.12 | K21: 1 | L21: 0 | M21: 0 | N21: 0
A22: 020102 | B22: Tapume Telha Metálica Ondulada em aço galvalume 0,50mm Branca h=2,20m, incl. montagem estr. mad. 8"x8", c/adesivo "PC-ES" 60x60cm a cada 10m, incl. faixas pint. esmalte sint. h=40cm (Reaproveitamento 2x) | C22: m | D22: 20 | E22: 226.17 | F22: 4523.4 | G22: 20 | H22: 4523.4 | I22: 20 | J22: 4523.4 | K22: 1 | L22: 0 | M22: 0 | N22: 0
A23: 020103 | B23: Galpão de obra para serraria e carpintaria com área de 12.00 m2, de peças de madeira 8x8cm e contraventamento de 5x7cm, cobertura de telhas de fibrocimento de 6mm, inclusive ponto de luz de energia | C23: m2 | D23: 12 | E23: 214.51 | F23: 2574.07 | G23: 12 | H23: 2574.07 | I23: 12 | J23: 2574.07 | K23: 1 | L23: 0 | M23: 0 | N23: 0
A24: 020104 | B24: Galpão de obra para corte e armação com área de 6.00m2, de peças de madeira 8x8cm e cobertura de telhas de fibrocimento de 6mm, inclusive ponto de luz e de energia | C24: m2 | D24: 6 | E24: 231.4 | F24: 1388.39 | G24: 6 | H24: 1388.39 | I24: 6 | J24: 1388.39 | K24: 1 | L24: 0 | M24: 0 | N24: 0
A25: 020105 | B25: Barracão de obra para depósito de cimento com área de 9.00m2, de chapa de compensado resinado 10mm e cobertura de telhas de fibrocimento de 6mm, inclusive ponto de luz | C25: m2 | D25: 9 | E25: 668.06 | F25: 6012.55 | G25: 9 | H25: 6012.55 | I25: 9 | J25: 6012.55 | K25: 1 | L25: 0 | M25: 0 | N25: 0
A26: 020106 | B26: Reservatório de poliestileno de 1000 L, inclusive adaptadores com flanges de pvc e torneira de bóia de 3/4", elevado de 4m, de peças de madeira de 6x16 cm, travadas com peças de 5x7 cm | C26: und | D26: 1 | E26: 3321.01 | F26: 3321.01 | G26: 1 | H26: 3321.01 | I26: 1 | J26: 3321.01 | K26: 1 | L26: 0 | M26: 0 | N26: 0
A27: 020107 | B27: Rede de luz, inclusive padrão de entrada de energia elétrica trifásica, cabo de ligação até os barracões, chaves de força e iluminação externa | C27: m | D27: 20 | E27: 111.08 | F27: 2221.56 | G27: 20 | H27: 2221.56 | I27: 20 | J27: 2221.56 | K27: 1 | L27: 0 | M27: 0 | N27: 0
A28: 020108 | B28: Mobilização e desmobilização de conteiner locado para barracão de obra | C28: und | D28: 10 | E28: 1789.14 | F28: 17891.37 | G28: 10 | H28: 17891.37 | I28: 4 | J28: 7156.55 | K28: 0.4 | L28: 6 | M28: 10734.82 | N28: 0.6
A29: 020109 | B29: Aluguel mensal container para escritório, dim. 6.00x2.40m, c/ banheiro (vaso+lavat+chuveiro e básc), incl. porta, 2 janelas, abert p/ ar cond., 2 pt iluminação, 2 tom. elét. e 1 tom.telef. Isolam.térmico(teto e paredes), piso em | C29: ms | D29: 24 | E29: 1156.51 | F29: 27756.22 | G29: 24 | H29: 27756.22 | I29: 23 | J29: 26599.71 | K29: 0.9583 | L29: 1 | M29: 1156.51 | N29: 0.0417
A30: 020110 | B30: Aluguel mensal container para refeitorio, incl. porta, 2 janelas, abert p/ ar cond., 2 pt iluminação, 2 tomadas elét. e 1 tomada telef. Isolamento térmico (paredes e teto), piso em comp. Naval pintado, cert. NR18, incl. laudo des | C30: ms | D30: 24 | E30: 1042.79 | F30: 25026.84 | G30: 24 | H30: 25026.84 | I30: 0 | J30: 0 | K30: 0 | L30: 24 | M30: 25026.84 | N30: 1
A31: 020111 | B31: Aluguel mensal container para vestiário, incl. porta, venezianas de circulação, 1 pt iluminação, Isolamento térmico (teto), piso em comp. Naval pintado, cert. NR18, incl. laudo descontaminação. | C31: ms | D31: 24 | E31: 869.23 | F31: 20861.5 | G31: 24 | H31: 20861.5 | I31: 0 | J31: 0 | K31: 0 | L31: 24 | M31: 20861.5 | N31: 1
A32: 020112 | B32: Aluguel mensal container sanitário, incl porta, básc, 2 ptos luz, 1 pto aterram., 3vasos, 3lavatórios, calha mictório, 6 chuveiros (1 eletrico), torn.,registros, piso comp. Naval pintado, cert NR18 e laudo descontaminação | C32: ms | D32: 24 | E32: 1086.35 | F32: 26072.28 | G32: 24 | H32: 26072.28 | I32: 0 | J32: 0 | K32: 0 | L32: 24 | M32: 26072.28 | N32: 1
... A35: 020115 | B35: Fornecimento e instalação de proteção para andaime fachadeiro considerando plataforma, rodapé e guarda-corpo em madeira, inclusive entelamento, conforme NR-18 (medido por m2 de fachada) | C35: m2 | D35: 608 | E35: 29.92 | F35: 18188.93 | G35: 833.22 | H35: 24926.61 | I35: 833.22 | J35: 24926.61 | K35: 1 | L35: 0 | M35: 0 | N35: 0
A36: 03 | B36: MOVIMENTO DE TERRA | F36: 132223.35 | H36: 137899.92 | J36: 120404.58 | K36: 0.8731 | M36: 17495.35 | N36: 0.1269
A37: 0301 | B37: ESCAVAÇÕES | F37: 6503.19 | H37: 6503.19 | J37: 6503.19 | K37: 1 | M37: 0 | N37: 0
A38: 30101 | B38: Escavação manual em material de 1a. categoria, até 1.50 m de profundidade | C38: m3 | D38: 83.96 | E38: 60.24 | F38: 5057.5 | G38: 83.96 | H38: 5057.5 | I38: 83.96 | J38: 5057.5 | K38: 1 | L38: 0 | M38: 0 | N38: 0
A39: 030102 | B39: Escavação mecânica em material de 1a. categoria | C39: m3 | D39: 100.9 | E39: 14.33 | F39: 1445.7 | G39: 100.9 | H39: 1445.7 | I39: 100.9 | J39: 1445.7 | K39: 1 | L39: 0 | M39: 0 | N39: 0
A40: 0302 | B40: REATERRO E COMPACTAÇÃO | F40: 42500.89 | H40: 42500.89 | J40: 25005.56 | K40: 0.5884 | M40: 17495.33 | N40: 0.4116
A41: 030201 | B41: Reaterro apiloado de cavas de fundação, em camadas de 20 cm | C41: m3 | D41: 59.42 | E41: 64.88 | F41: 3855.23 | G41: 59.42 | H41: 3855.23 | I41: 59.36 | J41: 3851.37 | K41: 0.999 | L41: 0.06 | M41: 3.86 | N41: 0.001
A42: 030202 | B42: Aterro manual para regularização do terreno em areia, inclusive adensamento hidráulico e fornecimento do material (máximo de 100m3) | C42: m3 | D42: 94.06 | E42: 224.9 | F42: 21154.19 | G42: 94.06 | H42: 21154.19 | I42: 94.06 | J42: 21154.19 | K42: 1 | L42: 0 | M42: 0 | N42: 0
A43: 030203 | B43: Aterro com areia em áreas de calçada, inclusive fornecimento e adensamento | C43: m3 | D43: 3.95 | E43: 200.54 | F43: 792.13 | G43: 3.95 | H43: 792.13 | I43: 0 | J43: 0 | K43: 0 | L43: 3.95 | M43: 792.13 | N43: 1
A44: 030204 | B44: Aterro compactado mecanicamente com compactador portátil com fornecimento de material (areia para aterro), empolamento 30% | C44: m3 | D44: 78.34 | E44: 213.17 | F44: 16699.35 | G44: 78.34 | H44: 16699.35 | I44: 0 | J44: 0 | K44: 0 | L44: 78.34 | M44: 16699.35 | N44: 1
A45: 0303 | B45: TRANSPORTES | F45: 83219.27 | H45: 88895.84 | J45: 88895.83 | K45: 1 | M45: 0.01 | N45: 0
A46: 030301 | B46: Índice de preço para remoção de entulho decorrente da execução de obras (Classe A CONAMA - NBR 10.004 - Classe II-B), incluindo aluguel da caçamba, carga, transporte e descarga em área licenciada | C46: m3 | D46: 100 | E46: 83.4 | F46: 8340.3 | G46: 108.35 | H46: 9036.72 | I46: 108.35 | J46: 9036.72 | K46: 1 | L46: 0 | M46: 0 | N46: 0
A47: 030302 | B47: Transporte com caminhão basculante de 10 m³, em via urbana pavimentada, dmt até 30 km (unidade: m3xkm). af_07/2020 | C47: m3x | D47: 20145 | E47: 2.66 | F47: 53666.28 | G47: 21547.27 | H47: 57401.93 | I47: 21547.27 | J47: 57401.92 | K47: 1 | L47: 0 | M47: 0.01 | N47: 0
A48: 030303 | B48: Transporte com caminhão basculante de 10 m³, em via urbana pavimentada, adicional para dmt excedente a 30 km (unidade: m3xkm). af_07/2020 | C48: m3x | D48: 20145 | E48: 1.05 | F48: 21212.69 | G48: 20145 | H48: 21212.69 | I48: 20145 | J48: 21212.69 | K48: 1 | L48: 0 | M48: 0 | N48: 0
A49: 030303. | B49: Transporte com caminhão basculante de 10 m³, em via urbana pavimentada, adicional para dmt excedente a 30 km (unidade: m3xkm). af_07/2020 | C49: m3x | E49: 2.66 | G49: 467.16 | H49: 1244.51 | I49: 467.16 | J49: 1244.51 | K49: 1 | L49: 0 | M49: 0.01 | N49: 0
A50: 04 | B50: ESTRUTURAS | F50: 911955.19 | H50: 967627.61 | J50: 761139.26 | K50: 0.7866 | M50: 206488.36 | N50: 0.2134
A51: 0401 | B51: FUNDAÇÕES PROFUNDAS (ESTAQUEAMENTO) | F51: 142942.54 | H51: 142942.54 | J51: 3072.17 | K51: 0.0215 | M51: 139870.37 | N51: 0.9785
A52: 040101 | B52: Estaca ômega , diâmetro de 40 cm, incluso concreto fck=25mpa e armadura | C52: m | D52: 528 | E52: 264.91 | F52: 139870.37 | G52: 528 | H52: 139870.37 | I52: 0 | J52: 0 | K52: 0 | L52: 528 | M52: 139870.37 | N52: 1
A53: 040102 | B53: Arrasamento mecânico de estaca ômega, diâmetro de 0,40 x 1,60 m | C53: und | D53: 44 | E53: 69.82 | F53: 3072.17 | G53: 44 | H53: 3072.17 | I53: 44 | J53: 3072.17 | K53: 1 | L53: 0 | M53: 0 | N53: 0
A54: 0402 | B54: INFRA-ESTRUTURA (FUNDAÇÃO) | F54: 202038.18 | H54: 208250.36 | J54: 162784.16 | K54: 0.7817 | M54: 45466.2 | N54: 0.2183
A55: 040201 | B55: Fornecimento, preparo e aplicação de concreto magro com consumo mínimo de cimento de 250 kg/m3 (brita 1 e 2) - (5% de perdas já incluído no custo) | C55: m3 | D55: 18.94 | E55: 778.55 | F55: 14745.81 | G55: 18.94 | H55: 14745.81 | I55: 6.3 | J55: 4908.62 | K55: 0.3329 | L55: 12.64 | M55: 9837.19 | N55: 0.6671
A56: 040202 | B56: Fôrma de chapa compensada resinada 12mm, levando-se em conta a utilização 3 vezes (incluido o material, corte, montagem, escoramento e desfôrma) | C56: m2 | D56: 631.24 | E56: 93.76 | F56: 59186.32 | G56: 631.24 | H56: 59186.32 | I56: 346.41 | J56: 32480.09 | K56: 0.5488 | L56: 284.83 | M56: 26706.23 | N56: 0.4512
A57: 040203 | B57: Fornecimento e aplicação de concreto USINADO Fck=25 MPa - considerando lançamento MANUAL para INFRA-ESTRUTURA (5% de perdas já incluído no custo) | C57: m3 | D57: 79.48 | E57: 780.7 | F57: 62049.72 | G57: 85.89 | H57: 67053.98 | I57: 84.37 | J57: 65867.55 | K57: 0.9823 | L57: 1.52 | M57: 1186.43 | N57: 0.0177
A58: 040204 | B58: Fornecimento, dobragem e colocação em fôrma, de armadura CA-50 A média, diâmetro de 6.3 a 10.0 mm | C58: kg | D58: 1952.93 | E58: 12.96 | F58: 25309.97 | G58: 1952.93 | H58: 25309.97 | I58: 1927.59 | J58: 24981.57 | K58: 0.987 | L58: 25.34 | M58: 328.4 | N58: 0.013
A59: 040205 | B59: Fornecimento, dobragem e colocação em fôrma, de armadura CA-50 A grossa diâmetro de 12.5 a 25.0 mm (1/2 a 1") | C59: kg | D59: 1030.06 | E59: 13.47 | F59: 13878 | G59: 1030.06 | H59: 13878 | I59: 1030.06 | J59: 13878 | K59: 1 | L59: 0 | M59: 0 | N59: 0
A60: 040206 | B60: Fornecimento, dobragem e colocação em fôrma, de armadura CA-60 B fina, diâmetro de 4.0 a 7.0mm | C60: kg | D60: 1261.24 | E60: 13.69 | F60: 17265.11 | G60: 1349.48 | H60: 18473.03 | I60: 1154.85 | J60: 15808.73 | K60: 0.8558 | L60: 194.63 | M60: 2664.31 | N60: 0.1442
A61: 040207 | B61: Fôrma de tábua de madeira de 2.5x30.0cm, levando-se em conta utilização 3 vezes (incluindo o material, corte, montagem, escoramento e desforma) | C61: m2 | D61: 86.12 | E61: 111.51 | F61: 9603.24 | G61: 86.12 | H61: 9603.24 | I61: 43.58 | J61: 4859.61 | K61: 0.506 | L61: 42.54 | M61: 4743.64 | N61: 0.494
A62: 0403 | B62: SUPER-ESTRUTURA | F62: 497576.39 | H62: 497576.39 | J62: 484889.61 | K62: 0.9745 | M62: 12686.79 | N62: 0.0255
A63: 040301 | B63: Fôrma chapas de madeira compensada resinada, de 12 mm de espessura, levando-se em conta a utilização 3 vezes, reforçadas com sarrafos de madeira de 2.5 x 10.0 cm (incl. material, montagem, escoramento com pontaletes 8x8cm e desf.) | C63: m2 | D63: 1714.96 | E63: 157.62 | F63: 270306.85 | G63: 1714.96 | H63: 270306.85 | I63: 1644.6 | J63: 259217.28 | K63: 0.959 | L63: 70.36 | M63: 11089.57 | N63: 0.041
A64: 040302 | B64: Fornecimento e aplicação de concreto USINADO Fck=25 MPa - considerando BOMBEAMENTO (5% de perdas já incluído no custo) (6% de taxa p/concr.bombeavel) | C64: m3 | D64: 147.34 | E64: 730.25 | F64: 107595.18 | G64: 147.34 | H64: 107595.18 | I64: 146.15 | J64: 106725.32 | K64: 0.9919 | L64: 1.19 | M64: 869.86 | N64: 0.0081
A65: 040303 | B65: Fornecimento, dobragem e colocação em fôrma, de armadura CA-50 A grossa, diâmetro de 12.5 a 25.0mm | C65: kg | D65: 1704.51 | E65: 13.47 | F65: 22964.86 | G65: 1704.51 | H65: 22964.86 | I65: 1650.52 | J65: 22237.51 | K65: 0.9683 | L65: 53.99 | M65: 727.35 | N65: 0.0317
A66: 040304 | B66: Fornecimento, dobragem e colocação em fôrma, de armadura CA-60 B fina, diâmetro de 4.0 a 7.0mm | C66: kg | D66: 3322.89 | E66: 13.69 | F66: 45487.04 | G66: 3322.89 | H66: 45487.04 | I66: 3322.89 | J66: 45487.04 | K66: 1 | L66: 0 | M66: 0 | N66: 0
A67: 040305 | B67: Fornecimento, dobragem e colocação em fôrma, de armadura CA-50 A média, diâmetro de 6.3 a 10.0 mm | C67: kg | D67: 3952.35 | E67: 12.96 | F67: 51222.46 | G67: 3952.35 | H67: 51222.46 | I67: 3952.35 | J67: 51222.46 | K67: 1 | L67: 0 | M67: 0 | N67: 0
A68: 0404 | B68: MURO DE ARRIMO | F68: 69398.08 | H68: 118858.32 | J68: 110393.32 | K68: 0.9288 | M68: 8465 | N68: 0.0712
A69: 040401 | B69: Limpeza manual de vegetação em terreno com enxada | C69: m2 | D69: 42.2 | E69: 3.12 | F69: 131.79 | G69: 42.2 | H69: 131.79 | I69: 42.2 | J69: 131.79 | K69: 1 | L69: 0 | M69: 0 | N69: 0
A70: 040402 | B70: Escavação manual em material de 1a. categoria, até 1.50 m de profundidade | C70: m3 | D70: 22.58 | E70: 60.24 | F70: 1360.15 | G70: 37.6 | H70: 2264.91 | I70: 37.6 | J70: 2264.91 | K70: 1 | L70: 0 | M70: 0 | N70: 0
A71: 040403 | B71: Ensecadeira simples inclusive retirada de madeiramento | C71: m2 | D71: 63.3 | E71: 205.67 | F71: 13018.78 | G71: 63.3 | H71: 13018.78 | I71: 63.3 | J71: 13018.78 | K71: 1 | L71: 0 | M71: 0 | N71: 0
A72: 040404 | B72: Esgotamento com bomba elétrica de imersão, tipo sapo, potência de 4.0 CV, para águas servidas com sólidos de até 5mm, até 6.0 m de profundidade | C72: H | D72: 220 | E72: 2.53 | F72: 556.38 | G72: 220 | H72: 556.38 | I72: 220 | J72: 556.38 | K72: 1 | L72: 0 | M72: 0 | N72: 0
A73: 040405 | B73: Aterro manual para regularização do terreno em areia, inclusive adensamento hidráulico e fornecimento do material (máximo de 100m3) | C73: m3 | D73: 10.89 | E73: 224.9 | F73: 2449.17 | G73: 173.2 | H73: 38952.85 | I73: 135.56 | J73: 30487.85 | K73: 0.7827 | L73: 37.64 | M73: 8465 | N73: 0.2173
A74: 040406 | B74: Índice de preço para remoção de entulho decorrente da execução de obras (Classe A CONAMA - NBR 10.004 - Classe II-B), incluindo aluguel da caçamba, carga, transporte e descarga em área licenciada | C74: m3 | D74: 29.35 | E74: 83.4 | F74: 2447.88 | G74: 29.35 | H74: 2447.88 | I74: 29.35 | J74: 2447.88 | K74: 1 | L74: 0 | M74: 0 | N74: 0
A75: 040407 | B75: Fornecimento, preparo e aplicação de concreto magro com consumo mínimo de cimento de 250 kg/m3 (brita 1 e 2) - (5% de perdas já incluído no custo) | C75: m3 | D75: 1.62 | E75: 778.55 | F75: 1261.26 | G75: 1.71 | H75: 1331.33 | I75: 1.71 | J75: 1331.33 | K75: 1 | L75: 0 | M75: 0 | N75: 0
A76: 040408 | B76: Fôrma de tábua de madeira de 2.5x30.0cm, levando-se em conta utilização 3 vezes (incluindo o material, corte, montagem, escoramento e desforma) | C76: m2 | D76: 166.16 | E76: 111.51 | F76: 18528.5 | G76: 166.16 | H76: 18528.5 | I76: 166.16 | J76: 18528.5 | K76: 1 | L76: 0 | M76: 0 | N76: 0
A77: 040409 | B77: Fornecimento, dobragem e colocação em fôrma, de armadura CA-50 A média, diâmetro de 6.3 a 10.0 mm | C77: kg | D77: 333 | E77: 12.96 | F77: 4315.68 | G77: 362.17 | H77: 4693.72 | I77: 362.17 | J77: 4693.72 | K77: 1 | L77: 0 | M77: 0 | N77: 0
A78: 040410 | B78: Fornecimento e aplicação de concreto USINADO Fck=25 MPa - considerando BOMBEAMENTO (5% de perdas já incluído no custo) (6% de taxa p/concr.bombeavel) | C78: m3 | D78: 23.66 | E78: 730.25 | F78: 17277.74 | G78: 39.55 | H78: 28881.43 | I78: 39.55 | J78: 28881.43 | K78: 1 | L78: 0 | M78: 0 | N78: 0
A79: 040411 | B79: Fornecimento, dobragem e colocação em fôrma, de armadura CA-50 A grossa, diâmetro de 12.5 a 25.0mm | C79: kg | D79: 534.1 | E79: 13.47 | F79: 7195.93 | G79: 534.1 | H79: 7195.93 | I79: 534.1 | J79: 7195.93 | K79: 1 | L79: 0 | M79: 0 | N79: 0
A80: 040412 | B80: Fornecimento, dobragem e colocação em fôrma, de armadura CA-60 B fina, diâmetro de 4.0 a 7.0mm | C80: kg | D80: 39.5 | E80: 13.69 | F80: 540.72 | G80: 39.5 | H80: 540.72 | I80: 39.5 | J80: 540.72 | K80: 1 | L80: 0 | M80: 0 | N80: 0
A81: 040413 | B81: Dreno (barbacã) em tubo de PVC, diâmetro de 40mm, inclusive fornecimento do tubo | C81: m | D81: 20 | E81: 15.71 | F81: 314.1 | G81: 20 | H81: 314.1 | I81: 20 | J81: 314.1 | K81: 1 | L81: 0 | M81: 0 | N81: 0
A82: 05 | B82: PAREDES E PAINÉIS | F82: 171803.08 | H82: 171803.08 | J82: 136127.89 | K82: 0.7923 | M82: 35675.19 | N82: 0.2077
A83: 0501 | B83: PLACAS E PAINÉIS DIVISÓRIOS | F83: 16625.04 | H83: 16625.04 | J83: 0 | K83: 0 | M83: 16625.04 | N83: 1
A84: 050101 | B84: Divisória de granito polido branco caravelas com 3 cm de espessura, fixada com cantoneira de ferro cromado | C84: m2 | D84: 25.02 | E84: 664.47 | F84: 16625.04 | G84: 25.02 | H84: 16625.04 | I84: 0 | J84: 0 | K84: 0 | L84: 25.02 | M84: 16625.04 | N84: 1
A85: 0502 | B85: VERGAS/CONTRAVERGA | F85: 1973.68 | H85: 1973.68 | J85: 1973.68 | K85: 1 | M85: 0 | N85: 0
A86: 050201 | B86: Verga/contraverga reta de concreto armado 10 x 5 cm, Fck = 15 MPa, inclusive forma, armação e desforma | C86: m | D86: 174.6 | E86: 11.3 | F86: 1973.68 | G86: 174.6 | H86: 1973.68 | I86: 174.6 | J86: 1973.68 | K86: 1 | L86: 0 | M86: 0 | N86: 0
A87: 0503 | B87: ALVENARIA ESTRUTURAL | F87: 19836.31 | H87: 19836.31 | J87: 19833.96 | K87: 0.9999 | M87: 2.35 | N87: 0.0001
A88: 050301 | B88: Alvenaria de blocos de concreto estrut. fbk 6 mpa (14x19x29cm) cheios, c/ resist. mín. compr. 15MPa, rejuntados c/ arg. para grauteamento tipo sikagrout, esp. juntas 10mm e esp. da parede s/ revest. 14cm | C88: m2 | D88: 114.11 | E88: 173.84 | F88: 19836.31 | G88: 114.11 | H88: 19836.31 | I88: 114.1 | J88: 19833.96 | K88: 0.9999 | L88: 0.01 | M88: 2.35 | N88: 0.0001
A89: 0504 | B89: ALVENARIA DE VEDAÇÃO EMPREGANDO ARGAMASSA DE CIMENTO, CAL E AREIA | F89: 133368.05 | H89: 133368.05 | J89: 114320.25 | K89: 0.8572 | M89: 19047.8 | N89: 0.1428
A90: 050401 | B90: Alvenaria de blocos cerâmicos 10 furos 10x20x20cm, assentados c/argamassa de cimento, cal hidratada CH1 e areia traço 1:0,5:8, esp. das juntas 12mm e esp. das paredes s/revestimento, 10cm (bloco comprado na fábrica, posto obra) | C90: m2 | D90: 1550 | E90: 73.76 | F90: 114320.25 | G90: 1550 | H90: 114320.25 | I90: 1550 | J90: 114320.25 | K90: 1 | L90: 0 | M90: 0 | N90: 0
A91: 050402 | B91: Alvenaria de blocos de concreto 14x19x39cm, c/ resist. mínimo a compres. 2.5 MPa, assent. c/ arg. de cimento, cal hidratada CH1 e areia no traço 1:0.5:8 esp. das juntas 10mm e esp. das paredes, s/ rev. 14cm | C91: m2 | D91: 198 | E91: 96.2 | F91: 19047.8 | G91: 198 | H91: 19047.8 | I91: 0 | J91: 0 | K91: 0 | L91: 198 | M91: 19047.8 | N91: 1
A92: 06 | B92: ESQUADRIAS DE MADEIRA | F92: 39966.83 | H92: 39966.83 | J92: 8175.6 | K92: 0.2046 | M92: 31791.23 | N92: 0.7954
A93: 0601 | B93: MARCOS E ALIZARES | F93: 10286.89 | H93: 10286.89 | J93: 0 | K93: 0 | M93: 10286.89 | N93: 1
A94: 060101 | B94: Marco de madeira de lei de 1ª (Peroba, Ipê, Angelim Pedra ou equivalente) com 15x3 cm de batente, nas dimensões de 0.80 x 2.10 m | C94: und | D94: 20 | E94: 489.85 | F94: 9797.04 | G94: 20 | H94: 9797.04 | I94: 0 | J94: 0 | K94: 0 | L94: 20 | M94: 9797.04 | N94: 1
A95: 060102 | B95: Marco de madeira de lei de 1ª (Peroba, Ipê, Angelim Pedra ou equivalente) com 15x3 cm de batente, nas dimensões de 0.60 x 2.10 m | C95: und | D95: 1 | E95: 489.85 | F95: 489.85 | G95: 1 | H95: 489.85 | I95: 0 | J95: 0 | K95: 0 | L95: 1 | M95: 489.85 | N95: 1
A96: 0602 | B96: FERRAGENS | F96: 1108.08 | H96: 1108.08 | J96: 0 | K96: 0 | M96: 1108.08 | N96: 1
A97: 060201 | B97: Prendedor de porta, cromado, fixação com parafuso, no piso ou rodapé | C97: und | D97: 20 | E97: 55.4 | F97: 1108.08 | G97: 20 | H97: 1108.08 | I97: 0 | J97: 0 | K97: 0 | L97: 20 | M97: 1108.08 | N97: 1
A98: 0603 | B98: PORTA EM MADEIRA DE LEI TIPO ANGELIM PEDRA OU EQUIV.C/ENCHIMENTO EM MADEIRA 1A.QUALIDADE ESP. 30MM P/ PINTURA, INCLUSIVE ALIZARES, DOBRADIÇAS E FECHADURA EXTERNA, EXCLUSIVE MARCO | F98: 28571.86 | H98: 28571.86 | J98: 8175.6 | K98: 0.2861 | M98: 20396.26 | N98: 0.7139
A99: 060301 | B99: Porta em madeira de lei tipo angelim pedra ou equiv.c/enchimento em madeira 1a.qualidade esp. 30mm p/ pintura, inclusive alizares, dobradiças e fechadura externa em latão cromado LaFonte ou equiv., exclusive marco, nas dim.:0.60 x | C99: und | D99: 1 | E99: 1319.86 | F99: 1319.86 | G99: 1 | H99: 1319.86 | I99: 0 | J99: 0 | K99: 0 | L99: 1 | M99: 1319.86 | N99: 1
A100: 060302 | B100: Porta em madeira de lei tipo angelim pedra ou equiv.c/enchimento em madeira 1a.qualidade esp. 30mm p/ pintura, inclusive alizares, dobradiças e fechadura externa em latão cromado LaFonte ou equiv., exclusive marco, nas dim.: 0.80 | C100: und | D100: 20 | E100: 1362.6 | F100: 27252 | G100: 20 | H100: 27252 | I100: 6 | J100: 8175.6 | K100: 0.3 | L100: 14 | M100: 19076.4 | N100: 0.7
A101: 07 | B101: ESQUADRIAS METÁLICAS | F101: 230917.62 | H101: 230917.62 | J101: 6789.48 | K101: 0.0294 | M101: 224128.13 | N101: 0.9706
A102: 0701 | B102: GRADES E PORTÕES | F102: 170830.77 | H102: 170830.77 | J102: 0 | K102: 0 | M102: 170830.77 | N102: 1
A103: 070101 | B103: Tela de proteção de arame galvanizado 1/2" fio 12, com quadro em tubo de ferro galvanizado 1 1/2" e cantoneira de ferro 1/2" x 1/2" x1/8", conforme detalhe em projeto | C103: m2 | D103: 84.51 | E103: 812.22 | F103: 68640.97 | G103: 84.51 | H103: 68640.97 | I103: 0 | J103: 0 | K103: 0 | L103: 84.51 | M103: 68640.97 | N103: 1
...

Sheet Resumo por etapa
A1: Resumo por etapa – Nova sede da DP Ibiraçu (medição até 31/05/2026)
A3: Código | B3: Etapa | C3: Valor após replan. (R$) | D3: Executado (R$) | E3: % executado | F3: A executar (R$) | G3: % a executar
A4: ='Planilha de Medição'!A9 -> 01 | B4: ='Planilha de Medição'!B9 -> SERVIÇOS PRELIMINARES | C4: ='Planilha de Medição'!H9 -> 37572.09 | D4: ='Planilha de Medição'!J9 -> 37572.09 | E4: =IF(C4=0,0,D4/C4) -> 1 | F4: ='Planilha de Medição'!M9 -> 0 | G4: =IF(C4=0,0,F4/C4) -> 0
A5: ='Planilha de Medição'!A19 -> 02 | B5: ='Planilha de Medição'!B19 -> INSTALAÇÃO DO CANTEIRO DE OBRAS | C5: ='Planilha de Medição'!H19 -> 232412.24 | D5: ='Planilha de Medição'!J19 -> 127644.04 | E5: =IF(C5=0,0,D5/C5) -> 0.54921393 | F5: ='Planilha de Medição'!M19 -> 104768.2 | G5: =IF(C5=0,0,F5/C5) -> 0.45078607
A6: ='Planilha de Medição'!A36 -> 03 | B6: ='Planilha de Medição'!B36 -> MOVIMENTO DE TERRA | C6: ='Planilha de Medição'!H36 -> 137899.92 | D6: ='Planilha de Medição'!J36 -> 120404.58 | E6: =IF(C6=0,0,D6/C6) -> 0.87313017 | F6: ='Planilha de Medição'!M36 -> 17495.35 | G6: =IF(C6=0,0,F6/C6) -> 0.12686991
A7: ='Planilha de Medição'!A50 -> 04 | B7: ='Planilha de Medição'!B50 -> ESTRUTURAS | C7: ='Planilha de Medição'!H50 -> 967627.61 | D7: ='Planilha de Medição'!J50 -> 761139.26 | E7: =IF(C7=0,0,D7/C7) -> 0.7866035 | F7: ='Planilha de Medição'!M50 -> 206488.36 | G7: =IF(C7=0,0,F7/C7) -> 0.21339652
A8: ='Planilha de Medição'!A82 -> 05 | B8: ='Planilha de Medição'!B82 -> PAREDES E PAINÉIS | C8: ='Planilha de Medição'!H82 -> 171803.08 | D8: ='Planilha de Medição'!J82 -> 136127.89 | E8: =IF(C8=0,0,D8/C8) -> 0.79234837 | F8: ='Planilha de Medição'!M82 -> 35675.19 | G8: =IF(C8=0,0,F8/C8) -> 0.20765163
A9: ='Planilha de Medição'!A92 -> 06 | B9: ='Planilha de Medição'!B92 -> ESQUADRIAS DE MADEIRA | C9: ='Planilha de Medição'!H92 -> 39966.83 | D9: ='Planilha de Medição'!J92 -> 8175.6 | E9: =IF(C9=0,0,D9/C9) -> 0.20455963 | F9: ='Planilha de Medição'!M92 -> 31791.23 | G9: =IF(C9=0,0,F9/C9) -> 0.79544037
A10: ='Planilha de Medição'!A101 -> 07 | B10: ='Planilha de Medição'!B101 -> ESQUADRIAS METÁLICAS | C10: ='Planilha de Medição'!H101 -> 230917.62 | D10: ='Planilha de Medição'!J101 -> 6789.48 | E10: =IF(C10=0,0,D10/C10) -> 0.029402174 | F10: ='Planilha de Medição'!M101 -> 224128.13 | G10: =IF(C10=0,0,F10/C10) -> 0.97059778
A11: ='Planilha de Medição'!A113 -> 08 | B11: ='Planilha de Medição'!B113 -> VIDROS E ESPELHOS | C11: ='Planilha de Medição'!H113 -> 32725.83 | D11: ='Planilha de Medição'!J113 -> 0 | E11: =IF(C11=0,0,D11/C11) -> 0 | F11: ='Planilha de Medição'!M113 -> 32725.83 | G11: =IF(C11=0,0,F11/C11) -> 1
A12: ='Planilha de Medição'!A122 -> 09 | B12: ='Planilha de Medição'!B122 -> COBERTURA | C12: ='Planilha de Medição'!H122 -> 146466.75 | D12: ='Planilha de Medição'!J122 -> 133443.09 | E12: =IF(C12=0,0,D12/C12) -> 0.91108112 | F12: ='Planilha de Medição'!M122 -> 13023.66 | G12: =IF(C12=0,0,F12/C12) -> 0.088918884
A13: ='Planilha de Medição'!A133 -> 10 | B13: ='Planilha de Medição'!B133 -> IMPERMEABILIZAÇÃO | C13: ='Planilha de Medição'!H133 -> 93619.7 | D13: ='Planilha de Medição'!J133 -> 78292.17 | E13: =IF(C13=0,0,D13/C13) -> 0.8362788 | F13: ='Planilha de Medição'!M133 -> 15327.52 | G13: =IF(C13=0,0,F13/C13) -> 0.1637211
A14: ='Planilha de Medição'!A138 -> 11 | B14: ='Planilha de Medição'!B138 -> TETOS E FORROS | C14: ='Planilha de Medição'!H138 -> 75725.12 | D14: ='Planilha de Medição'!J138 -> 0 | E14: =IF(C14=0,0,D14/C14) -> 0 | F14: ='Planilha de Medição'!M138 -> 75725.12 | G14: =IF(C14=0,0,F14/C14) -> 1
A15: ='Planilha de Medição'!A147 -> 12 | B15: ='Planilha de Medição'!B147 -> REVESTIMENTO DE PAREDES | C15: ='Planilha de Medição'!H147 -> 360219.56 | D15: ='Planilha de Medição'!J147 -> 247052.91 | E15: =IF(C15=0,0,D15/C15) -> 0.6858398 | F15: ='Planilha de Medição'!M147 -> 113166.65 | G15: =IF(C15=0,0,F15/C15) -> 0.3141602
A16: ='Planilha de Medição'!A159 -> 13 | B16: ='Planilha de Medição'!B159 -> PISOS INTERNOS E EXTERNOS | C16: ='Planilha de Medição'!H159 -> 222403.36 | D16: ='Planilha de Medição'!J159 -> 58100.14 | E16: =IF(C16=0,0,D16/C16) -> 0.26123769 | F16: ='Planilha de Medição'!M159 -> 164303.22 | G16: =IF(C16=0,0,F16/C16) -> 0.73876231
A17: ='Planilha de Medição'!A173 -> 14 | B17: ='Planilha de Medição'!B173 -> INSTALAÇÕES HIDROSSANITÁRIAS | C17: ='Planilha de Medição'!H173 -> 69342.34 | D17: ='Planilha de Medição'!J173 -> 62938.89 | E17: =IF(C17=0,0,D17/C17) -> 0.90765454 | F17: ='Planilha de Medição'!M173 -> 6403.44 | G17: =IF(C17=0,0,F17/C17) -> 0.092345312
A18: ='Planilha de Medição'!A211 -> 15 | B18: ='Planilha de Medição'!B211 -> INSTALAÇÕES ELÉTRICAS | C18: ='Planilha de Medição'!H211 -> 194826.24 | D18: ='Planilha de Medição'!J211 -> 110414.84 | E18: =IF(C18=0,0,D18/C18) -> 0.56673495 | F18: ='Planilha de Medição'!M211 -> 84411.4 | G18: =IF(C18=0,0,F18/C18) -> 0.43326505
A19: ='Planilha de Medição'!A284 -> 16 | B19: ='Planilha de Medição'!B284 -> OUTRAS INSTALAÇÕES | C19: ='Planilha de Medição'!H284 -> 207949.64 | D19: ='Planilha de Medição'!J284 -> 79943.22 | E19: =IF(C19=0,0,D19/C19) -> 0.38443548 | F19: ='Planilha de Medição'!M284 -> 128006.42 | G19: =IF(C19=0,0,F19/C19) -> 0.61556452
A20: ='Planilha de Medição'!A364 -> 17 | B20: ='Planilha de Medição'!B364 -> APARELHOS HIDRO-SANITÁRIOS | C20: ='Planilha de Medição'!H364 -> 109639.65 | D20: ='Planilha de Medição'!J364 -> 21243.65 | E20: =IF(C20=0,0,D20/C20) -> 0.19375883 | F20: ='Planilha de Medição'!M364 -> 88396 | G20: =IF(C20=0,0,F20/C20) -> 0.80624117
A21: ='Planilha de Medição'!A399 -> 18 | B21: ='Planilha de Medição'!B399 -> APARELHOS ELÉTRICOS | C21: ='Planilha de Medição'!H399 -> 67450.02 | D21: ='Planilha de Medição'!J399 -> 0 | E21: =IF(C21=0,0,D21/C21) -> 0 | F21: ='Planilha de Medição'!M399 -> 67450.02 | G21: =IF(C21=0,0,F21/C21) -> 1
A22: ='Planilha de Medição'!A419 -> 19 | B22: ='Planilha de Medição'!B419 -> PINTURA | C22: ='Planilha de Medição'!H419 -> 159291.45 | D22: ='Planilha de Medição'!J419 -> 46873.11 | E22: =IF(C22=0,0,D22/C22) -> 0.29426005 | F22: ='Planilha de Medição'!M419 -> 112418.33 | G22: =IF(C22=0,0,F22/C22) -> 0.70573989
A23: ='Planilha de Medição'!A431 -> 20 | B23: ='Planilha de Medição'!B431 -> SERVIÇOS COMPLEMENTARES EXTERNOS | C23: ='Planilha de Medição'!H431 -> 478928.35 | D23: ='Planilha de Medição'!J431 -> 232836.82 | E23: =IF(C23=0,0,D23/C23) -> 0.48616212 | F23: ='Planilha de Medição'!M431 -> 257543.2 | G23: =IF(C23=0,0,F23/C23) -> 0.53774891
A24: ='Planilha de Medição'!A510 -> 21 | B24: ='Planilha de Medição'!B510 -> SERVIÇOS COMPLEMENTARES INTERNOS | C24: ='Planilha de Medição'!H510 -> 105157.28 | D24: ='Planilha de Medição'!J510 -> 76652.85 | E24: =IF(C24=0,0,D24/C24) -> 0.72893527 | F24: ='Planilha de Medição'!M510 -> 28504.43 | G24: =IF(C24=0,0,F24/C24) -> 0.27106473
A25: ='Planilha de Medição'!A521 -> 22 | B25: ='Planilha de Medição'!B521 -> ITENS NOVOS - ACRÉSCIMOS | C25: ='Planilha de Medição'!H521 -> 654231.78 | D25: ='Planilha de Medição'!J521 -> 558622.85 | E25: =IF(C25=0,0,D25/C25) -> 0.85386077 | F25: ='Planilha de Medição'!M521 -> 95608.93 | G25: =IF(C25=0,0,F25/C25) -> 0.14613923
B26: TOTAL (soma das etapas) | C26: =SUM(C4:C25) -> 4796176.5 | D26: =SUM(D4:D25) -> 2904267.5 | E26: =IF(C26=0,0,D26/C26) -> 0.60553808 | F26: =SUM(F4:F25) -> 1903360.6 | G26: =IF(C26=0,0,F26/C26) -> 0.39684958
